 Dungeon Sprint DCSS version 0.21.0-25-ge575cb9 (webtiles) character file.

44031 wojtek the Executioner (level 13, -1/134 (136) HPs)
             Began as a Minotaur Berserker on Jan 24, 2018.
             Was the Champion of Trog.
             Slain by a fire elemental (11 damage)
             ... summoned by a fire elementalist statue
             ... in the Dungeon (Sprint III: "The Ten Rune Challenge").
             The game lasted 00:18:13 (5945 turns).

wojtek the Executioner (Minotaur Berserker)         Turns: 5945, Time: 00:18:13

HP:   -1/134 (136)  AC: 14    Str: 27    XL:     13   Next: 23%
MP:   12/12         EV: 16    Int:  4    God:    Trog [******]
Gold: 2947          SH:  0    Dex: 10    Spells: 12/12 levels left

rFire    . . .     SeeInvis .   G - +1 executioner's axe (drain)
rCold    + . .     Gourm    .   (shield currently unavailable)
rNeg     . . .     Faith    .   s - +0 chain mail
rPois    .         Spirit   .   A - +0 hat
rElec    .         Reflect  .   (no cloak)
rCorr    .         Harm     .   (no gloves)
MR       .....     NoTele   +   (no boots)
Stlth    ..........             (no amulet)
HPRegen  0.32/turn              H - ring of protection from fire
MPRegen  0.13/turn              I - ring of ice

@: no status effects
A: retaliatory headbutt, horns 2
}: 1/10 runes: serpentine
a: Berserk, Trog's Hand, Brothers in Arms, Burn Spellbooks, Renounce Religion


You were in the Dungeon.
You worshipped Trog.
Trog was exalted by your worship.
You were not hungry.

You visited 1 branch You collected 3672 gold pieces.
You spent 725 gold pieces at shops.

Inventory:

Hand Weapons
 a - a +0 hand axe
 t - a +1 antimagic battleaxe
 u - a +3 war axe of venom
 v - a +5 battleaxe of freezing
 w - the +3 broad axe of War {drain, Dex+2}
   (Trog gifted it to you in the Dungeon)

   A truly terrible weapon, it drains the life of those it strikes.
   It affects your dexterity (+2).
 x - a +1 executioner's axe of freezing
 y - a +3 antimagic battleaxe
 z - a +3 antimagic broad axe
 B - a +4 vampiric battleaxe
 D - a +3 battleaxe of freezing
 F - a +4 battleaxe of chopping
 G - a +1 executioner's axe of draining (weapon)
 N - a +3 battleaxe of venom
Armour
 s - a +0 chain mail (worn)
 A - a +0 hat (worn)
 K - a +2 leather armour of fire resistance
Jewellery
 H - a ring of protection from fire (left hand)
 I - a ring of ice (right hand)
 J - an uncursed ring of ice
Wands
 k - a wand of iceblast (12)
 M - a wand of acid (12)
Scrolls
 i - a scroll of blinking
 l - a scroll of immolation {unknown}
 m - 4 scrolls of fog
 n - a scroll of torment {unknown}
 o - 3 scrolls of identify
 p - 2 scrolls of remove curse {unknown}
 E - a scroll of fear
Potions
 b - 5 potions of mutation
 d - 5 potions of curing
 e - 2 potions of heal wounds
 f - a potion of haste
 g - 3 potions of magic
 h - 2 potions of berserk rage
 j - 2 potions of might
 q - 3 potions of flight
 C - a potion of invisibility {unknown}
Miscellaneous
 r - a fan of gales
 L - a phantom mirror
Comestibles
 c - 14 rations
 O - 4 chunks of flesh


   Skills:
 + Level 18.4 Fighting
 * Level 24.1 Axes
 + Level 18.2 Armour
 + Level 17.0 Dodging


You had 12 spell levels left.
You didn't know any spells.

Dungeon Overview and Level Annotations

Branches:
Dungeon (1/1)

Altars:
Cheibriados
Dithmenos
Elyvilon
Fedhas
Gozag
Hepliaklqana
Kikubaaqudgha
Makhleb
Nemelex Xobeh
Okawaru
Qazlal
Ru
Sif Muna
Trog
Uskayaw
Vehumet
Wu Jian
Xom
Yredelemnul
Zin
The Shining One
Beogh
Jiyva
Lugonu

Shops:
D ?[=?(}

Annotations:
D exclusion: 3 statues


Innate Abilities, Weirdness & Mutations

You reflexively headbutt those who attack you in melee.
You have a pair of horns on your head.


Message History

You float gracefully downwards.
You slice the earth elemental!!
You headbutt the earth elemental, but do no damage.
The earth elemental is severely damaged.
The earth elemental hits you!!
* * * LOW HITPOINT WARNING * * *
Your chain mail prevents you from hitting the earth elemental.
The earth elemental is severely damaged.
You cut the earth elemental into ribbons!!!
You destroy the earth elemental!
You slash the fire elemental!
You destroy the fire elemental!
You slash the fire elemental!
The fire elemental is heavily damaged.
The fire elemental misses you.
You barely miss the fire elemental.
The fire elemental is heavily damaged.
You hit the fire elemental. The fire elemental hits you.
The fire elemental burns you!
You die...

.........###.# ###§§§#
........).##.#+#§.§§§#
########).##.#.§.§§§§#
..........##.#....§§§# #++##
.........###...§§§§§§#.8..8.
####################.#......
..........##.#.#.#§#§§......
..........##...E.§§§.§......
############...E@.§§........
###'############# ##.§§##
#...).# #..8..E.# +§......+
#§.8.8..# ##.....## ##...##


You could see 2 fire elementals.

Vanquished Creatures
  Rupert (D)
  Harold (D)
  A nagaraja (D)
  A dire elephant (D)
  A naga warrior (D)
  A centaur warrior (D)
  Erica (D)
  3 anacondas (D)
  4 death yaks (D)
  Urug (D)
  A spriggan druid (D)
  2 unseen horrors (D)
  2 death drakes (D)
  An obsidian statue (D)
  Joseph (D)
  A lindwurm (D)
  2 crystal guardians (D)
  A deep elf mage (D)
  5 black mambas (D)
  A statue (D)
  A guardian serpent (D)
  2 spiny frogs (D)
  A rime drake (D)
  A komodo dragon (D)
  A queen bee (D)
  An orc high priest (D)
  2 tyrant leeches (D)
  8 blink frogs (D)
  3 wandering mushrooms (D)
  2 spriggans (D)
  A shadow (D)
  3 redbacks (D)
  A spatial vortex (D)
  2 nagas (D)
  A swamp drake (D)
  7 water moccasins (D)
  An orc warrior (D)
  2 fire dragon simulacra (D)
  A necrophage (D)
  2 centaurs (D)
  2 swamp dragon skeletons (D)
  An earth elemental (D)
  A water elemental (D)
  28 killer bees (D)
  A jelly (D)
  3 orc priests (D)
  A wizard (D)
  A necromancer (D)
  An orc wizard (D)
  A polar bear simulacrum (D)
  A wolf simulacrum (D)
  3 humans (D)
  A kobold demonologist (D)
  5 adders (D)
  An ooze (D)
  A phantom (D)
  4 orcs (D)
  3 rats (D)
  A ballistomycete (D)
  5 plants (D)
140 creatures vanquished.

Vanquished Creatures (collateral kills)
  Gastronok (D)
  A dire elephant (D)
  A death drake (D)
  An orc knight (D)
  2 crystal guardians (D)
  2 orc sorcerers (D)
  2 elephants (D)
  2 orc warriors (D)
  4 killer bees (D)
  2 orc priests (D)
  2 orc wizards (D)
  3 orcs (D)
23 creatures vanquished.

Vanquished Creatures (others)
  2 draconian scorchers (D)
  2 hydras (D)
  6 hellions (D)
  2 yaktaurs (D)
  An electric eel (D)
  A ballistomycete spore (D)
  8 plants (D)
22 creatures vanquished.

Grand Total: 185 creatures vanquished

Notes
Turn   | Place    | Note
-------+----------+-------------------------------------------
     0 | D        | wojtek the Minotaur Berserker began the quest for the Orb.
     0 | D        | Reached XP level 1. HP: 19/19 MP: 0/0
    10 | D        | Reached skill level 4 in Axes
    63 | D        | Reached ** piety under Trog
    85 | D        | Killed a hellion
   106 | D        | Killed a hellion
   108 | D        | Reached skill level 5 in Axes
   108 | D        | Reached XP level 2. HP: 28/28 MP: 1/1
   111 | D        | Killed a hellion
   111 | D        | Killed a hellion
   112 | D        | Killed a hellion
   113 | D        | Killed a hellion
   122 | D        | Killed a yaktaur
   137 | D        | Killed a white draconian scorcher
   139 | D        | Killed a white draconian scorcher
   179 | D        | Reached XP level 3. HP: 35/35 MP: 2/2
   198 | D        | Noticed a water elemental
   201 | D        | Killed a water elemental
   201 | D        | Reached *** piety under Trog
   201 | D        | Reached skill level 5 in Fighting
   201 | D        | Reached skill level 7 in Axes
   201 | D        | Reached skill level 5 in Armour
   201 | D        | Reached XP level 4. HP: 44/44 MP: 3/3
   251 | D        | Found a radiant altar of Vehumet.
   251 | D        | Found a deep blue altar of Sif Muna.
   251 | D        | Found an ancient bone altar of Kikubaaqudgha.
   251 | D        | Noticed a wizard
   255 | D        | Killed a wizard
   255 | D        | Reached skill level 8 in Axes
   255 | D        | Reached skill level 5 in Dodging
   255 | D        | Reached XP level 5. HP: 47/51 MP: 4/4
   365 | D        | Found a glowing silver altar of Zin.
   366 | D        | Found a glowing golden altar of the Shining One.
   366 | D        | Found a white marble altar of Elyvilon.
   366 | D        | Noticed a deep elf mage
   375 | D        | Noticed a jumping spider
   376 | D        | Reached **** piety under Trog
   378 | D        | Killed a deep elf mage
   378 | D        | Received a gift from Trog
   378 | D        | Reached skill level 11 in Axes
   378 | D        | Reached XP level 6. HP: 60/62 MP: 5/5
   390 | D        | Found a hide-covered altar of Uskayaw.
   390 | D        | Found a roughly hewn altar of Beogh.
   390 | D        | Found an iron altar of Okawaru.
   390 | D        | Found a bloodstained altar of Trog.
   390 | D        | Found an ornate altar of the Wu Jian Council.
   390 | D        | Noticed a human
   392 | D        | Noticed a human
   396 | D        | Killed a human
   396 | D        | Reached ***** piety under Trog
   396 | D        | Reached skill level 12 in Axes
   396 | D        | Reached XP level 7. HP: 70/70 MP: 6/6
   398 | D        | Killed a human
   442 | D        | Found a basalt altar of Yredelemnul.
   442 | D        | Found a shadowy altar of Dithmenos.
   442 | D        | Found a sacrificial altar of Ru.
   447 | D        | Reached skill level 13 in Axes
   481 | D        | Noticed a shadow
   489 | D        | Killed a shadow
   489 | D        | Received a gift from Trog
   489 | D        | Reached skill level 10 in Fighting
   489 | D        | Reached XP level 8. HP: 21/79 MP: 7/7
   768 | D        | Found a blossoming altar of Fedhas.
   768 | D        | Found a stormy altar of Qazlal.
   769 | D        | Found a snail-covered altar of Cheibriados.
   769 | D        | Found a burning altar of Makhleb.
   769 | D        | Found a hazy altar of Hepliaklqana.
   769 | D        | Found a shimmering altar of Xom.
   769 | D        | Found an opulent altar of Gozag.
   769 | D        | Found a sparkling altar of Nemelex Xobeh.
   769 | D        | Found a corrupted altar of Lugonu.
   769 | D        | Found a viscous altar of Jiyva.
   787 | D        | Reached skill level 10 in Armour
   930 | D        | Noticed Erica
   938 | D        | Killed Erica
   938 | D        | Reached skill level 14 in Axes
   938 | D        | Reached skill level 10 in Dodging
  1159 | D        | Noticed an orc sorcerer
  1168 | D        | Killed an orc sorcerer
  1168 | D        | Reached skill level 15 in Axes
  1168 | D        | Reached XP level 9. HP: 89/89 MP: 8/8
  1169 | D        | Noticed a sun demon
  1173 | D        | Received a gift from Trog
  1176 | D        | Noticed an orc sorcerer
  1179 | D        | Noticed an orc knight
  1179 | D        | Killed an orc knight
  1182 | D        | Killed an orc sorcerer
  1182 | D        | Reached ****** piety under Trog
  1184 | D        | Received a gift from Trog
  1229 | D        | Found Pefoh's Gadget Shop.
  1251 | D        | Killed a yaktaur
  1314 | D        | Reached skill level 16 in Axes
  1399 | D        | Noticed a centaur warrior
  1405 | D        | Killed a centaur warrior
  1405 | D        | Received a gift from Trog
  1411 | D        | Got a shimmering broad axe {god gift}
  1412 | D        | Identified the +3 broad axe of War {drain, Dex+2} (Trog gifted it to you in the Dungeon)
  1442 | D        | Killed an unseen horror
  1442 | D        | Reached skill level 17 in Axes
  1442 | D        | Reached XP level 10. HP: 62/100 MP: 5/9
  1445 | D        | Killed an unseen horror
  1608 | D        | Received a gift from Trog
  1805 | D        | Received a gift from Trog
  1831 | D        | Received a gift from Trog
  1833 | D        | Reached skill level 18 in Axes
  1841 | D        | Received a gift from Trog
  1914 | D        | Noticed Harold
  1914 | D        | Noticed Joseph
  1919 | D        | Killed Harold
  1919 | D        | Received a gift from Trog
  1919 | D        | Reached XP level 11. HP: 109/110 MP: 10/10
  1927 | D        | Killed Joseph
  1927 | D        | Reached skill level 19 in Axes
  2295 | D        | Killed an eight-headed hydra
  2309 | D        | Killed a five-headed hydra
  2889 | D        | Received a gift from Trog
  2903 | D        | Reached skill level 15 in Fighting
  2907 | D        | Received a gift from Trog
  2907 | D        | Reached skill level 20 in Axes
  2921 | D        | Reached skill level 15 in Armour
  3069 | D        | Noticed Rupert
  3070 | D        | Paralysed by Rupert for 6 turns
  3089 | D        | Killed Rupert
  3283 | D        | Noticed a dire elephant
  3296 | D        | Noticed Gastronok
  3296 | D        | Killed a dire elephant
  3300 | D        | Killed Gastronok
  3300 | D        | Received a gift from Trog
  3300 | D        | Reached skill level 21 in Axes
  3306 | D        | Noticed a dire elephant
  3314 | D        | Killed a dire elephant
  3314 | D        | Reached XP level 12. HP: 94/122 MP: 11/11
  3379 | D        | Noticed a death yak
  3380 | D        | Noticed a death yak
  3382 | D        | Noticed a death yak
  3388 | D        | Killed a death yak
  3390 | D        | Killed a death yak
  3390 | D        | Reached skill level 15 in Dodging
  3485 | D        | Noticed a death yak
  3491 | D        | Killed a death yak
  3496 | D        | Killed a death yak
  3496 | D        | Received a gift from Trog
  3502 | D        | Reached skill level 22 in Axes
  3515 | D        | Noticed an azure jelly
  3515 | D        | Noticed an azure jelly
  3516 | D        | Noticed an azure jelly
  3516 | D        | Noticed an azure jelly
  3942 | D        | Found Tedaj's Magic Scroll Shoppe.
  3942 | D        | Found Veuk's Antique Armour Boutique.
  4053 | D        | Received a gift from Trog
  4284 | D        | Noticed Urug
  4290 | D        | Killed Urug
  4727 | D        | Found a blossoming altar of Fedhas.
  4779 | D        | Noticed an anaconda
  4782 | D        | Received a gift from Trog
  4788 | D        | Killed an anaconda
  4990 | D        | Noticed an anaconda
  4993 | D        | Noticed an anaconda
  4993 | D        | Killed an anaconda
  4993 | D        | Reached skill level 23 in Axes
  4998 | D        | Killed an anaconda
  5042 | D        | Received a gift from Trog
  5043 | D        | Found the +0 sword of Power
  5214 | D        | Noticed a naga warrior
  5214 | D        | Noticed a nagaraja
  5261 | D        | Killed a nagaraja
  5261 | D        | Reached XP level 13. HP: 93/132 MP: 12/12
  5262 | D        | Received a gift from Trog
  5272 | D        | Found Serch's Jewellery Shop.
  5272 | D        | Found Syof's Magic Scroll Shoppe.
  5274 | D        | Found Reib's Antique Weapon Boutique.
  5394 | D        | Got a serpentine rune of Zot
  5407 | D        | Bought a scroll of identify for 20 gold pieces
  5409 | D        | Bought a scroll of fog for 20 gold pieces
  5409 | D        | Bought a scroll of fear for 35 gold pieces
  5410 | D        | Bought an uncursed ring of protection from fire for 325 gold pieces
  5410 | D        | Bought an uncursed ring of ice for 325 gold pieces
  5775 | D        | Received a gift from Trog
  5856 | D        | Reached skill level 24 in Axes
  5928 | D        | Received a gift from Trog
  5945 | D        | Slain by a fire elemental

Skill      XL: |  1  2  3  4  5  6  7  8  9 10 11 12 13 |
---------------+----------------------------------------+-----
Fighting       | 4 5 6 8 9 10 11 12 14 16 18 | 18.4
Axes           | 5 7 8 11 12 13 15 17 18 21 23 24 | 24.1
Armour         | 3 5 8 9 11 12 14 15 17 18 | 18.2
Dodging        | 3 4 5 7 8 9 10 11 13 14 16 17 | 17.0

Action                   |  1- 3 |  4- 6 |  7- 9 | 10-12 | 13-15 || total
-------------------------+-------+-------+-------+-------+-------++-------
Melee: Hand axe          |    19 |     6 |    30 |       |       ||    55
       Headbutt          |     6 |     3 |    13 |    44 |    14 ||    80
       Battleaxe         |       |       |    25 |       |       ||    25
       Broad axe         |       |       |     3 |    17 |       ||    20
       Executioner's axe |       |       |       |   246 |    53 ||   299
Invok: Berserk           |     2 |     2 |     3 |     4 |       ||    11
       Burn Spellbooks   |       |     1 |       |       |       ||     1
       Brothers in Arms  |       |       |     1 |     6 |     1 ||     8
  Use: Potion            |       |       |       |     1 |       ||     1
 Stab: Sleeping          |     1 |       |       |       |       ||     1
  Eat: Chunk             |       |     1 |     4 |    11 |       ||    16
       Ration            |       |       |     1 |     2 |     1 ||     4
Armor: Scale mail        |     4 |     3 |       |       |       ||     7
       Chain mail        |       |       |    20 |   103 |    16 ||   139
Dodge: Dodged            |     8 |     1 |    23 |   208 |    35 ||   275
